 Dungeon Crawl Stone Soup version 0.29-a0-973-gac7da5f7f0 (webtiles) character file.

Game seed: 8434026828178429794

71 vurker the Shield-Bearer (level 4, 0/44 HPs)
             Began as a Troll Fighter on July 31, 2022.
             Was a Follower of Nemelex Xobeh.
             Slain by an orc
             ... wielding a +0 hand axe
              (3 damage)
             ... on level 3 of the Dungeon.
             The game lasted 00:02:40 (1493 turns).

vurker the Shield-Bearer (Troll Fighter)            Turns: 1493, Time: 00:02:40

Health: 0/44       AC:  4    Str: 26    XL:     4   Next: 5%
Magic:  3/3        EV:  8    Int:  4    God:    Nemelex Xobeh [*.....]
Gold:   198        SH:  7    Dex:  9    Spells: 3/3 levels left

rFire   . . .      SeeInvis .     - Unarmed
rCold   . . .      Faith    .   b - +0 kite shield
rNeg    . . .      Spirit   .   a - +0 robe
rPois   .          Reflect  .   (helmet restricted)
rElec   .          Harm     .   (no cloak)
rCorr   .          Rampage  .   (gloves unavailable)
Will    +....                   (boots unavailable)
Stlth   +.........              (no amulet)
HPRegen 0.94/turn               j - ring of willpower
MPRegen 0.08/turn               (no ring)

@: no status effects
A: large, unfitting armour, claws 3, regeneration 1, shaggy fur 1, tough skin 1
a: Renounce Religion, Draw Escape, Draw Destruction, Draw Summoning


You were on level 3 of the Dungeon.
You worshipped Nemelex Xobeh.
Nemelex Xobeh was aware of your devotion.
You visited 1 branch of the dungeon, and saw 3 of its levels.

You collected 198 gold pieces.

Inventory:

Missiles
 m - a throwing net (quivered)
Armour
 a - a +0 robe (worn)
 b - a +0 kite shield (worn)
Jewellery
 d - a ring of fire
   (You found it on level 1 of the Dungeon)
 j - a ring of willpower (left claw)
   (You found it on level 2 of the Dungeon)
Scrolls
 f - a scroll of immolation {unknown}
 g - a scroll of enchant weapon {unknown}
 h - a scroll of teleportation {unknown}
 i - a scroll of enchant armour {unknown}
 k - a scroll of amnesia {unknown}
 l - 3 scrolls of identify {unknown}
 p - a scroll of blinking {unknown}
 q - a scroll of acquirement {unknown}
 r - a scroll of poison {unknown}
Potions
 c - 2 potions of might
 e - a potion of curing {unknown}
 n - a potion of invisibility {unknown}
 o - 2 potions of degeneration {unknown}


   Skills:
 + Level 2.7 Fighting
 + Level 1.0 Armour
 + Level 2.7 Dodging
 + Level 3.0 Shields
 * Level 2.9 Unarmed Combat
 + Level 0.3 Invocations


You had 3 spell levels left.
You didn't know any spells.
Your spell library contained the following spells:

 Spells                   Type           Power      Damage    Failure   Level
 Sandblast                Erth           0%         2d4       80%         1
 Passwall                 Tmut/Erth      0%         N/A       90%         2
 Dazzling Flash           Conj/Hex       0%         N/A       99%         3
 Stone Arrow              Conj/Erth      0%         3d7       99%         3
 Iskenderun's Mystic Bla  Conj/Tloc      0%         2d3       100%        4
 Starburst                Conj/Fire      0%         6d3       100%        6


Dungeon Overview and Level Annotations

Branches:
Dungeon (3/15)

Altars:
Nemelex Xobeh
Vehumet

Shops:
D:3 =


Innate Abilities, Weirdness & Mutations

You are too large for most types of armour.
You have claws for hands.
Your natural rate of healing is unusually fast.
You are covered in fur. (AC +1)
You have tough skin. (AC +1)


Message History

There is an open door here.
You open the door.
There is an open door here. 4 orcs come into view.
Found 2 scrolls labelled BAIFOR TEPHU.
The orc shouts! x3; You hear a shout!
An orc comes into view. It is wielding a +3 trident.
There are monsters nearby!
There are monsters nearby!
There are monsters nearby!
The orc hits you with a +0 club.
You closely miss the orc.
The orc shouts!
The orc hits you with a +4 hand axe!
An endoplasm comes into view.
The endoplasm quivers.
You scratch the orc but do no damage. You block the orc's attack.
The orc hits you with a +4 hand axe. The orc barely misses you.
The orc hits you from afar with a +3 trident!
* * * LOW HITPOINT WARNING * * *
The orc barely misses you. The orc attacks as you move away!
The orc barely misses you. The orc attacks as you move away!
You block the orc's attack. The orc hits you with a +0 club.
* * * LOW HITPOINT WARNING * * *
You block the orc's attack. The orc attacks as you move away!
The orc hits you with a +4 hand axe!
* * * LOW HITPOINT WARNING * * *
The orc attacks as you move away! You block the orc's attack.
You claw the orc!
You kill the orc!
You have reached level 4!
You scratch the orc. The orc hits you with a +4 hand axe.
* * * LOW HITPOINT WARNING * * *
You barely miss the orc. You block the orc's attack.
The orc hits you from afar with a +3 trident.
* * * LOW HITPOINT WARNING * * *
You claw the orc!
You kill the orc!
The orc completely misses you.
You closely miss the orc. The orc barely misses you.
You block the orc's attack.
You scratch the orc. You block the orc's attack.
The orc hits you with a +0 hand axe.
* * * LOW HITPOINT WARNING * * *
You closely miss the orc. You block the orc's attack.
The orc barely misses you. The orc hits you but does no damage.
The orc hits you with a +0 hand axe.
You die...
Your body glows slightly and disappears.

#......###.#...#..#.#....#
##.##...##..##.###.##.###.#
###.......##.)..#.#.#...#...#
<..............##...###.#...#
#.......###..#.###.#.#....###
#####.### #..#..##.).#.......
#.# #.......###....#### #.#
##oo.#..##...#.##.. ##'##
#@#.#..)....#.##.# ##...##
#)#......##.#.##.# ##.....##
#o#..###.##.#.....
#.......###J#..###.##.####.#
#.........##.......)...####..
+.........'..................
#.........####...##########..
##.......## #.......# #.#
##.....## #..####?# #.#


You could see 3 orcs and an endoplasm.

Vanquished Creatures
  An adder (D:2)
  An ufetubus (D:3)
  2 worms (D:2)
  A dart slug (D:2)
  2 orcs (D:3)
  2 ball pythons
  6 bats
  6 endoplasms
  4 goblins
  5 hobgoblins
  5 jackals
  2 kobolds
  2 quokkas
  2 rats
41 creatures vanquished.

Notes
Turn   | Place    | Note
-------+----------+-------------------------------------------
     0 | D:1      | vurker the Troll Fighter began the quest for the Orb.
     0 | D:1      | Reached XP level 1. HP: 22/22 MP: 0/0
    48 | D:1      | Reached XP level 2. HP: 29/29 MP: 1/1
   436 | D:2      | Reached XP level 3. HP: 36/36 MP: 2/2
   513 | D:2      | Found a faded altar of an unknown god.
   768 | D:2      | Reached skill level 3 in Shields
   868 | D:3      | Found a radiant altar of Vehumet.
   948 | D:2      | Prayed at the altar of an unknown god.
   948 | D:2      | Became a worshipper of Nemelex Xobeh the Trickster
   948 | D:2      | Reached * piety under Nemelex Xobeh
   948 | D:2      | Received a gift from Nemelex Xobeh
  1184 | D:3      | Reached skill level 1 in Armour
  1219 | D:3      | Found Plog's Jewellery Emporium.
  1242 | D:3      | Received a gift from Nemelex Xobeh
  1488 | D:3      | Reached XP level 4. HP: 9/44 MP: 3/3
  1489 | D:3      | HP: 1/44 [orc/+3 trident (6)]
  1493 | D:3      | Slain by an orc

Illustrated notes

Levels and vault maps discovered:
D:1:      tarquinn_simple_flora_water_f, layout_rooms
D:2:      layout_rooms, chequers_ecumenical_altar_grove
D:3:      layout_loops_corners, amcnicky_altar_gilded,
          mainiacjoe_overflow_tiny_flanked, serial_shops, shop_fountains,
          minmay_misc_feat_chi, minmay_pentomino_pile

Skill      XL: |  1  2  3 |
---------------+----------+-----
Shields        | 3 |  3.0
Armour         | 1 |  1.0
Fighting       | |  2.7
Dodging        | |  2.7
Unarmed Combat | |  2.9
Invocations    | |  0.3

Action                   |  1- 3 |  4- 6 || total
-------------------------+-------+-------++-------
Melee: Unarmed           |   110 |     6 ||   116
Armor: Robe              |    28 |     1 ||    29
Dodge: Dodged            |    34 |     3 ||    37
Block: Kite shield       |    41 |     4 ||    45

Table legend: (Time is in decaauts)
 A = Elapsed time spent in this place.
 B = Non-inter-level travel time spent in this place.
 C = Inter-level travel time spent in this place.
 D = Time resting spent in this place.
 E = Time spent auto-exploring this place.
 F = Levels seen in this place.
 G = Mean time per level.
                   A        B        C        D        E       F      G
               +--------+--------+--------+--------+--------+-----+--------+
         Total |   1502 |   1357 |    145 |      0 |   1013 |   3 |  500.7 |
       Dungeon |   1502 |   1357 |    145 |      0 |   1013 |   3 |  500.7 |
               +--------+--------+--------+--------+--------+-----+--------+

Top non-repeatable levels by time:
     D:2: 572 daAuts
     D:3: 537 daAuts
     D:1: 392 daAuts
